 Dungeon Crawl Stone Soup version 0.25-a0-942-g87a53962fc (webtiles) character file.

Game seed: 7855020770780445977, levelgen mode: deterministic

56 Flugslaktarn the Skirmisher (level 3, 0/33 HPs)
             Began as a Minotaur Fighter on May 6, 2020.
             Succumbed to a water moccasin's poison
             ... on level 2 of the Dungeon.
             The game lasted 00:00:36 (741 turns).

Flugslaktarn the Skirmisher (Minotaur Fighter)       Turns: 741, Time: 00:00:36

Health: 0/33       AC: 11    Str: 21    XL:     3   Next: 71%
Magic:  2/2        EV:  4    Int:  5    God:
Gold:   47         SH:  9    Dex:  9    Spells: 2/2 levels left

rFire    . . .     SeeInvis .   a - +0 war axe
rCold    . . .     Gourm    .   c - +0 kite shield
rNeg     . . .     Faith    .   f - +0 plate armour
rPois    .         Spirit   .   (helmet restricted)
rElec    .         Reflect  .   (no cloak)
rCorr    .         Harm     .   (no gloves)
MR       .....                  (no boots)
Stlth    ..........             (no amulet)
HPRegen  0.11/turn              (no ring)
MPRegen  0.08/turn              (no ring)

@: mighty, lethally poisoned (0 -> -7)
A: retaliatory headbutt, horns 2
a: no special abilities


You were on level 2 of the Dungeon.
You were not hungry.

You visited 1 branch of the dungeon, and saw 2 of its levels.

You collected 47 gold pieces.

Inventory:

Hand Weapons
 a - a +0 war axe (weapon)
Armour
 b - a +0 scale mail
 c - a +0 kite shield (worn)
 f - a +0 plate armour (worn)
   (You found it on level 2 of the Dungeon)
Jewellery
 g - an uncursed amulet of harm {unknown}
   (You found it on level 1 of the Dungeon)
Scrolls
 h - a scroll of teleportation {unknown}
 k - a scroll of blinking {unknown}
Comestibles
 e - 6 rations
 l - 4 chunks of flesh


   Skills:
 + Level 4.1 Fighting
 * Level 3.7 Axes
 + Level 4.1 Armour
 + Level 4.1 Shields


You had 2 spell levels left.
You didn't know any spells.
Your spell library was empty.

Dungeon Overview and Level Annotations

Branches:
Dungeon (2/15)

Altars:
Okawaru


Innate Abilities, Weirdness & Mutations

You reflexively headbutt those who attack you in melee.
You have a pair of horns on your head.


Message History

Unknown command.
Your plate armour prevents you from hitting the water moccasin.
Your headbutt misses the water moccasin.
The water moccasin is moderately wounded.
* * * LOW HITPOINT WARNING * * *
You feel sick. You block the water moccasin's attack.
The water moccasin bites you.
* * * LOW HITPOINT WARNING * * *
Unknown command.
You slash the water moccasin!
Your headbutt misses the water moccasin.
The water moccasin is severely wounded.
* * * LOW HITPOINT WARNING * * *
You feel sick. You block the water moccasin's attack.
The water moccasin bites you but does no damage.
Unknown command.
Your plate armour prevents you from hitting the water moccasin.
Your headbutt misses the water moccasin.
The water moccasin is severely wounded.
You die...

#.# .# ###.## #.##
.... ..! #..# #.####
#..# ##.....
.#.####..####...# .##
......).(...!..###...#
##.####.##..)Sw...!...
#.####.##..@#.w.).#.
#.#....##..##g._..#
#.#.##.##...#.).).#
#.#.##.###...........
#.#.##.# ##...###...#
#.#.##.# #... ..## #.#
#.#.##.# ##.. ## #..
#...##.# ### #.#
#...##.## #.#


You could see a water moccasin and a dart slug.

Vanquished Creatures
  3 adders (D:2)
  A dart slug (D:2)
  6 bats
  2 giant cockroaches
  3 goblins
  4 hobgoblins
  2 frilled lizards (D:1)
  3 kobolds (D:1)
  A rat (D:1)
25 creatures vanquished.

Notes
Turn   | Place    | Note
-------+----------+-------------------------------------------
     0 | D:1      | Flugslaktarn the Minotaur Fighter began the quest for the
                  | Orb.
     0 | D:1      | Reached XP level 1. HP: 19/19 MP: 0/0
   167 | D:1      | Reached XP level 2. HP: 27/27 MP: 1/1
   647 | D:2      | Reached XP level 3. HP: 33/33 MP: 2/2
   717 | D:2      | Found an iron altar of Okawaru.
   721 | D:2      | Noticed a water moccasin
   740 | D:2      | HP: 1/33 [poisoned by a water moccasin]
   741 | D:2      | Succumbed to a water moccasin's poison

Levels and vault maps discovered:
D:1:      mrwooster_arrival_statue_3, layout_basic, serial_bayou_crossing
D:2:      layout_loops_ring, first_ration, okawaru_ov_weapons_minmay,
          uniq_jessica

Skill      XL: |  1  2  3 |
---------------+----------+-----
Axes           | 3 |  3.7
Shields        | 4 |  4.1
Fighting       | 4 |  4.1
Armour         | 4 |  4.1

Action                   || total
-------------------------++-------
Melee: War axe           ||    59
       Headbutt          ||     8
  Use: Potion            ||     3
Armor: Scale mail        ||    23
       Plate armour      ||    34
Dodge: Dodged            ||    23
Block: Kite shield       ||    34

Table legend:
 A = Non-vault XP
 B = Vault XP
 C = Vault XP percentage of total XP
 D = Non-vault monster count
 E = Vault monster count
 F = Vault count percentage of total count
                 A         B        C        D         E       F
            +---------+---------+-------+---------+---------+-------
      Total |      81 |       0 |   0.0 |      25 |       0 |   0.0
            +---------+---------+-------+---------+---------+-------
        D:1 |      25 |       0 |   0.0 |      16 |       0 |   0.0
        D:2 |      56 |       0 |   0.0 |       9 |       0 |   0.0
            +---------+---------+-------+---------+---------+-------
